 Dungeon Crawl Stone Soup version 0.16.1-14-g82efdee (webtiles) character file.

186 KarvaRausku the Chopper (level 5, -1/41 HPs)
             Began as a Human Fighter on Apr 14, 2015.
             Killed from afar by an orc wizard (10 damage)
             ... with a puff of frost
             ... on level 3 of the Dungeon.
             The game lasted 00:05:26 (2398 turns).

KarvaRausku the Chopper (Human Fighter)             Turns: 2398, Time: 00:05:26

Health: -1/41      AC:  8    Str: 17    XL:     5   Next: 97%
Magic:  5/5        EV:  7    Int:  9    God:
Gold:   63         SH:  9    Dex: 12    Spells: 0 memorised, 4 levels left

rFire  . . .     SeeInvis .     a - +0 war axe
rCold  . . .     Clarity  .     b - +0 scale mail
rNeg   . . .     SustAb   .     c - +0 shield
rPois  .         Gourm    .     o - +1 helmet
rElec  .         Spirit   .     (no cloak)
rCorr  .         Warding  .     (no gloves)
rMut   .         Stasis   .     (no boots)
MR     .....                    (no amulet)
Stlth  ..........               (no ring)
                                (no ring)

@: not resistant to hostile enchantments, extremely unstealthy
A: no striking features
a: no special abilities


You were on level 3 of the Dungeon.
You were not hungry.

You visited 1 branch of the dungeon, and saw 3 of its levels.

You collected 63 gold pieces.

Inventory:

Hand weapons
 a - a +0 war axe (weapon)
Armour
 b - a +0 scale mail (worn)
 c - a +0 shield (worn)
 l - a +0 helmet
 o - a +1 helmet (worn)
Jewellery
 s - an uncursed ring of ice
Scrolls
 g - a scroll of noise {unknown}
 h - a scroll of remove curse {unknown}
 i - a scroll of random uselessness {unknown}
 n - a scroll of enchant armour {unknown}
 p - 6 scrolls of identify {unknown}
 t - a scroll of fear {unknown}
 u - a scroll of recharging {unknown}
Potions
 e - a potion of might
 f - 2 potions of invisibility {unknown}
 k - a potion of curing {unknown}
 q - a potion of haste {unknown}
 r - a potion of agility {unknown}
 w - a potion of magic {unknown}
Comestibles
 d - 2 bread rations
 j - 3 meat rations
 m - 2 beef jerkies
 v - a chunk of flesh


   Skills:
 - Level 3.0 Fighting
 + Level 5.7 Axes
 - Level 3.0 Armour
 - Level 3.0 Shields


You had 4 spell levels left.
You didn't know any spells.

Dungeon Overview and Level Annotations

Branches:
Dungeon (3/15)

Altars:
Ashenzari
Xom
The Shining One


Message History

The orc is moderately wounded.
You miss something. Something hits you. You block the orc's attack.
You hit the orc but do no damage.
The orc is moderately wounded.
You miss something.
You hear some strange, mumbled words.
The puff of flame hits you!
* * * LOW HITPOINT WARNING * * *
The orc hits you but does no damage.
You are too injured to fight recklessly!
You are too injured to fight recklessly!
You are too injured to fight recklessly!
You are too injured to fight recklessly!
You are too injured to fight recklessly!
You slash the orc!
You kill the orc!
You closely miss something.
You hear some strange, mumbled words.
The puff of frost hits you!
You die...

##+## #.# ##...## #.#
##.....## ####.#
##.......## ##.##.#
#.........####...#.##
+.....)...'..........
###.........####...#.##
#....){)...## #..##.##
..####@.<.## #.###.##
#...#..## #.....##
#...#....# #..#####
#....###.## #..# #
..#+##.⌠ ..####..#####
... ..#....##....... .
. ..#.#.###.##### ...
#...#.###.# .._.
+...#.....#


There were no monsters in sight!

Vanquished Creatures
  An orc priest (D:3)
  Natasha (D:3)
  2 adders
  A giant mite (D:2)
  3 worms (D:2)
  10 orcs (D:3)
  A giant cockroach (D:1)
  13 hobgoblins
  8 jackals
  9 kobolds
  3 quokkas (D:2)
  A ball python (D:2)
  6 bats
  2 giant geckos
  5 giant newts (D:1)
  5 goblins
  7 rats
78 creatures vanquished.

Notes
Turn   | Place    | Note
--------------------------------------------------------------
     0 | D:1      | KarvaRausku, the Human Fighter, began the quest for the Orb.
     0 | D:1      | Reached XP level 1. HP: 18/18 MP: 1/1
   120 | D:1      | Reached XP level 2. HP: 13/24 MP: 2/2
   403 | D:1      | Reached XP level 3. HP: 13/29 MP: 3/3
  1399 | D:2      | Reached skill level 4 in Axes
  1399 | D:2      | Reached XP level 4. HP: 31/35 MP: 4/4
  1405 | D:2      | Found a shimmering altar of Xom.
  1421 | D:2      | You fall through a shaft!
  1497 | D:3      | Found a glowing golden altar of the Shining One.
  1677 | D:3      | Found a shattered altar of Ashenzari.
  1701 | D:3      | Noticed Natasha
  1706 | D:3      | Killed Natasha
  1706 | D:3      | Reached XP level 5. HP: 37/41 MP: 5/5
  1890 | D:2      | Reached skill level 5 in Axes
  2398 | D:3      | Killed from afar by an orc wizard

Action                   |  1- 3 |  4- 6 || total
-------------------------+-------+-------++-------
Melee: War axe           |   101 |   152 ||   253
  Eat: Chunk             |     2 |     3 ||     5
